 Dungeon Crawl Stone Soup version 0.30.1-11-g7821555f0a (webtiles) character file.

Game seed: 16307309451781691654

2 tbsd the Sneak (level 1, 0/10 HPs)
             Began as a Spriggan Brigand on Dec 13, 2023.
             Slain by a goblin
             ... wielding a +0 club
              (2 damage)
             ... on level 1 of the Dungeon.
             The game lasted 00:04:56 (350 turns).

tbsd the Sneak (Spriggan Brigand)                    Turns: 350, Time: 00:05:10

Health: 0/10       AC:  3    Str:  7    XL:     1   Next: 33%
Magic:  2/2        EV: 16    Int: 12    God:
Gold:   16         SH:  0    Dex: 16    Spells: 0/0 levels left

rFire   . . .        a - +2 dagger
rCold   . . .        (no shield)
rNeg    . . .        b - +0 robe
rPois   .            (helmet restricted)
rElec   .            c - +0 cloak
rCorr   .            (gloves unavailable)
SInv    +            (boots unavailable)
Will    .....        (no amulet)
Stlth   +++          (no ring)
HPRegen 0.21/turn    (no ring)
MPRegen 0.08/turn

%: no passive effects
@: very quick
A: very small, no large weapons, unfitting armour, see invisible, speed 3
a: no special abilities


You were on level 1 of the Dungeon.
You visited 1 branch of the dungeon, and saw 1 of its levels.

You collected 16 gold pieces.

Inventory:

Hand Weapons
 a - a +2 dagger (weapon)
Missiles
 d - 9 poisoned darts (quivered)
 e - 3 curare-tipped darts
Armour
 b - a +0 robe (worn)
 c - a +0 cloak (worn)
Scrolls
 f - a scroll of identify {unknown}
 h - a scroll of fear {unknown}
Potions
 g - 2 potions of heal wounds {unknown}


   Skills:
 - Level 1.5 Fighting
 - Level 2.1 Short Blades
 - Level 2.0 Throwing
 * Level 1.4 Dodging
 * Level 6.1 Stealth


You couldn't memorise any spells.
You didn't know any spells.
Your spell library was empty.

Dungeon Overview and Level Annotations

Branches:
Dungeon (1/15)

Altars:


Innate Abilities, Weirdness & Mutations

You are very small and have problems with some larger weapons.
You are too small for most types of armour.
You have supernaturally acute eyesight. (SInv)
You cover ground extremely quickly. (Speed+++)


Message History

You see here a giant cockroach corpse.
Okay, then.
g - 2 fuming brown potions You now have 16 gold pieces (gained 5).
h - a scroll labelled CICUBO HONAX You open the door.
There is an open door here.
Found a stone staircase leading down.
There is an open door here.
There is an open door here.
A quokka comes into view.
A quokka is nearby!
There is a stone staircase leading down here.
There is an open door here.
You close the door.
You start waiting.
Done waiting.
You open the door.
There is an open door here.
A kobold comes into view. It is wielding a +0 short sword.
Found 2 sapphire potions.
The kobold shouts!
You hear a shout!
You hit the kobold.
You kill the kobold!
Your Stealth skill increases to level 6!
Things that are here:
a +0 short sword; a kobold corpse A goblin comes into view.
It is wielding a +0 club.
A gnoll comes into view. It is wielding a +0 spear.
The gnoll moves out of view.
You closely miss the goblin. You barely miss the goblin.
The goblin closely misses you.
You barely miss the goblin. The goblin misses you.
You hit the goblin.
The goblin is moderately wounded.
The gnoll hits you from afar with a +0 spear!
Ouch! That really hurt!
* * * LOW HITPOINT WARNING * * *
The goblin hits you with a +0 club.
You die...

##...#...... ...#.#
#....###... ##....
##......### ###
#....r ###.......
...#..#. #####...
###.#!..## ..# ####
.....g..#### #.# #
♣⌠♣.g......# #.# #
..♣...@..##.# #.# #
.............####.# #
.........♣........# #
.........♣♣..###..##
#
..............###..##
# ..............#
#...## #
..####........#
#.#..# .# ##......♣#
#.##.# #.....♣⌠
#.##.# #


You could see a gnoll, a quokka (wandering) and a goblin.

Vanquished Creatures
  A giant cockroach (D:1)
  A kobold (D:1)
2 creatures vanquished.

Notes
Turn   | Place    | Note
-------+----------+-------------------------------------------
     0 | D:1      | tbsd the Spriggan Brigand began the quest for the Orb.
     0 | D:1      | Reached XP level 1. HP: 10/10 MP: 2/2
   329 | D:1      | Reached skill level 6 in Stealth
   350 | D:1      | Slain by a goblin

Illustrated notes

Levels and vault maps discovered:
D:1:      dpeg_arrival_oval, layout_basic, kennysheep_decorative_pillar,
          minmay_misc_feat_enclosed

Skill      XL: |  1 |
---------------+----+-----
Stealth        | 6 |  6.1
Fighting       | |  1.5
Short Blades   | |  2.1
Throwing       | |  2.0
Dodging        | |  1.4

Action                     || total
---------------------------++-------
  Melee: Dagger            ||     6
   Stab: Sleeping          ||     1
  Dodge: Dodged            ||     2
